 Dungeon Crawl Stone Soup version 0.28-a0-8-g6e044cfa68 (webtiles) character file.

Game seed: 6875938653732054404

64 Sin92 the Skirmisher (level 3, 0/29 HPs)
             Began as a Demonspawn Fighter on July 23, 2021.
             Succumbed to a scorpion's poison
             ... on level 3 of the Dungeon.
             The game lasted 00:02:59 (2757 turns).

Sin92 the Skirmisher (Demonspawn Fighter)           Turns: 2757, Time: 00:03:00

Health: 0/29       AC:  6    Str: 16    XL:     3   Next: 91%
Magic:  3/3        EV:  7    Int:  9    God:
Gold:   47         SH: 10    Dex: 13    Spells: 2/2 levels left

rFire   . . .      SeeInvis .   a - +0 long sword
rCold   . . .      Faith    .   c - +1 kite shield
rNeg    . . .      Spirit   .   b - +0 scale mail
rPois   .          Reflect  .   (no helmet)
rElec   .          Harm     .   (no cloak)
rCorr   .          Rampage  .   (no gloves)
Will    .....                   (no boots)
Stlth   ..........              (no amulet)
HPRegen 0.09/turn               (no ring)
MPRegen 0.16/turn               (no ring)

@: lethally poisoned (0 -> -12), attractive
A: magic regeneration, demonic magic 1
a: no special abilities


You were on level 3 of the Dungeon.
You visited 1 branch of the dungeon, and saw 3 of its levels.

You collected 47 gold pieces.

Inventory:

Hand Weapons
 a - a +0 long sword (weapon)
Armour
 b - a +0 scale mail (worn)
 c - a +1 kite shield (worn)
Scrolls
 e - a scroll of holy word
Potions
 g - a potion of curing
 i - a potion of haste


   Skills:
 + Level 3.4 Fighting
 * Level 2.7 Long Blades
 + Level 3.0 Armour
 + Level 0.9 Dodging
 + Level 3.0 Shields


You had 2 spell levels left.
You didn't know any spells.
Your spell library was empty.

Dungeon Overview and Level Annotations

Branches:
Dungeon (3/15)

Altars:
Cheibriados

Portals:
Sewer: D:3


Innate Abilities, Weirdness & Mutations

You regenerate magic rapidly.
Spells you cast may paralyse adjacent enemies.


Message History

The scorpion stings you.
You are poisoned.
The scorpion poisons you! The scorpion stings you.
You feel sick.
Unknown command.
You feel sick.
The jackal barks!
It was a potion of attraction.
You feel attractive to monsters.
You feel sick. The scorpion barely misses you.
You block the hobgoblin's attack.
It was a potion of curing.
You feel better. The scorpion closely misses you.
The hobgoblin hits you but does no damage.
You block the scorpion's attack.
You closely miss the scorpion. The hobgoblin barely misses you.
You block the scorpion's attack.
The hobgoblin hits you but does no damage.
Your scale mail prevents you from hitting the scorpion.
You block the scorpion's attack. x2; You block the hobgoblin's attack.
You hit the scorpion but do no damage. You block the scorpion's attack.
The hobgoblin hits you. The scorpion stings you.
The hobgoblin hits you but does no damage.
You closely miss the scorpion. You block the scorpion's attack.
You block the hobgoblin's attack.
The scorpion stings you but does no damage.
Unknown command.
You barely miss the scorpion. The hobgoblin hits you.
* * * LOW HITPOINT WARNING * * *
The scorpion barely misses you.
You closely miss the scorpion.
The scorpion stings you but does no damage.
The hobgoblin barely misses you.
You riposte.
You hit the hobgoblin.
The hobgoblin is moderately wounded.
The scorpion stings you.
* * * LOW HITPOINT WARNING * * *
You are lethally poisoned!
The scorpion poisons you! You block the hobgoblin's attack.
You hit the scorpion.
The scorpion is lightly wounded.
You die...

....... .......
....:.. .......
######. ≈≈≈≈B#.
≈≈∩≈S#.###############
≈≈≈SB#..s@gh..........
######.#######.######
......! #.....######
.###... #[.....<...#
..... #.†.....##.#
#..... #...≈≈≈..#
....... #.h≈≈≈≈≈##
##..... #..≈≈w≈≈_#
##.≈≈≈≈≈##


You could see a scorpion, 2 adders, a jackal, 2 giant cockroaches and a
hobgoblin.

Vanquished Creatures
  A gnoll (D:1)
  An adder (D:2)
  3 endoplasms (D:1)
  2 giant cockroaches (D:1)
  3 goblins (D:1)
  3 hobgoblins
  6 jackals
  2 kobolds (D:1)
  4 quokkas (D:1)
  3 ball pythons
  4 bats
  A frilled lizard (D:1)
  8 rats
41 creatures vanquished.

Notes
Turn   | Place    | Note
-------+----------+-------------------------------------------
     0 | D:1      | Sin92 the Demonspawn Fighter began the quest for the Orb.
     0 | D:1      | Reached XP level 1. HP: 18/18 MP: 1/1
   252 | D:1      | Gained mutation: Spells you cast may paralyse adjacent
                  | enemies. [demonic ancestry]
   252 | D:1      | Reached XP level 2. HP: 24/24 MP: 2/2
  1229 | D:1      | Gained mutation: You regenerate magic rapidly. [demonic
                  | ancestry]
  1229 | D:1      | Reached XP level 3. HP: 19/29 MP: 3/3
  1895 | D:2      | Found a faded altar of an unknown god.
  2727 | D:3      | Found a snail-covered altar of Cheibriados.
  2740 | D:3      | Found a glowing drain.
  2742 | D:3      | Noticed a scorpion
  2757 | D:3      | Succumbed to a scorpion's poison

Illustrated notes

Levels and vault maps discovered:
D:1:      wander_arrival_estate, layout_basic, amcnicky_mini_corridor_feature,
          minmay_pentomino_r2
D:2:      layout_loops_corners, ebering_ecumenical_altar_rust,
          minmay_tree_intersection
D:3:      layout_basic, mainiacjoe_overflow_alcove_1, kennysheep_slug_shrine,
          gup_sewer_entry_glass, serial_shops, shop, minmay_circle_x,
          uniq_terence

Skill      XL: |  1  2  3 |
---------------+----------+-----
Long Blades    | 2 |  2.7
Shields        | 3 |  3.0
Armour         | 3 |  3.0
Fighting       | |  3.4
Dodging        | |  0.9

Action                   || total
-------------------------++-------
Melee: Long sword        ||   115
  Use: Potion            ||     4
       Scroll            ||     4
Armor: Scale mail        ||    53
Dodge: Dodged            ||    35
Block: Kite shield       ||    61
       Rpst.: Long sword ||     8

Table legend: (Time is in decaauts)
 A = Elapsed time spent in this place.
 B = Non-inter-level travel time spent in this place.
 C = Inter-level travel time spent in this place.
 D = Time resting spent in this place.
 E = Time spent auto-exploring this place.
 F = Levels seen in this place.
 G = Mean time per level.
                   A        B        C        D        E       F      G
               +--------+--------+--------+--------+--------+-----+--------+
         Total |   2800 |   2691 |    109 |    342 |   1964 |   3 |  933.3 |
       Dungeon |   2800 |   2691 |    109 |    342 |   1964 |   3 |  933.3 |
               +--------+--------+--------+--------+--------+-----+--------+

Top non-repeatable levels by time:
     D:1: 1426 daAuts
     D:2: 1336 daAuts
     D:3: 36 daAuts
